 Dungeon Crawl Stone Soup version 0.30.1-9-gdf580d7c3d (webtiles) character file.

Game seed: 15394341286552979109

19863 laros the Severer (level 12, -8/112 HPs)
             Began as a Minotaur Berserker on Oct 14, 2023.
             Was a High Priest of Trog.
             Mangled by a +1 war axe of venom (10 damage)
             ... on level 2 of the Elven Halls.
             The game lasted 00:19:56 (13335 turns).

laros the Severer (Minotaur Berserker)             Turns: 13335, Time: 00:19:57

Health: -8/112     AC: 16    Str: 35    XL:     12   Next: 40%
Magic:  20/20      EV: 12    Int:  4    God:    Trog [*****.]
Gold:   96         SH:  0    Dex: 13    Spells: 11/11 levels left

rFire   + . .        F - +1 war axe (freeze)
rCold   . . .        (no shield)
rNeg    . . .        A - +0 chain mail
rPois   .            (helmet restricted)
rElec   .            D - +2 cloak of Wu Jian's Castigation {Will+ Regen+ MP+9 Slay+2}
rCorr   .            (no gloves)
SInv    .            (no boots)
Will    +....        G - amulet "Put-Me-On" {Regen+ Str+3 Dex+2} Stlth
                     B - ring of protection from fire
HPRegen 1.98/turn    t - +6 ring of strength
MPRegen 0.17/turn

%: no passive effects
@: lethally poisoned (-8 -> -10), on berserk cooldown
A: horns 2, retaliatory headbutt
a: Renounce Religion, Berserk, Trog's Hand, Brothers in Arms


You were on level 2 of the Elven Halls.
You worshipped Trog.
Trog was extremely pleased with you.
You visited 3 branches of the dungeon, and saw 13 of its levels.

You collected 922 gold pieces.
You spent 826 gold pieces at shops.

Inventory:

Hand Weapons
 F - a +1 war axe of freezing (weapon)
Missiles
 g - a throwing net
 s - 19 boomerangs (quivered)
 E - 10 poisoned darts
Armour
 x - the +1 chain mail of Vampiric Thralls {rN+ Str+3 Int-5 Dex+3}
   (You bought it in a shop on level 2 of the Orcish Mines)

   Str:       It affects your strength (+3).
   Int:       It affects your intelligence (-5).
   Dex:       It affects your dexterity (+3).
   rN:        It protects you from negative energy.
 z - the +1 ring mail "Vacycw" {Rampage +Blink Int-5}
   (You found it on level 4 of the Dungeon)

   Int:       It affects your intelligence (-5).
   +Blink:    It lets you blink.
   Rampage:   It bestows one free step when moving towards enemies.
 A - a +0 chain mail (worn)
 D - the +2 cloak of Wu Jian's Castigation (worn) {Will+ Regen+ MP+9 Slay+2}
   (You found it on level 9 of the Dungeon)

   Slay:      It affects your accuracy & damage with ranged weapons and melee
   (+2).
   MP:        It affects your magic capacity (+9).
   Regen:     It increases your rate of health regeneration.
   Will:      It increases your willpower.
 H - a +0 troll leather armour
Jewellery
 b - a ring of flight
 e - a +5 ring of evasion
 t - a +6 ring of strength (right hand)
 B - a ring of protection from fire (left hand)
 G - the amulet "Put-Me-On" (around neck) {Regen+ Str+3 Dex+2}
   (You bought it in a shop on level 2 of the Orcish Mines)

   [amulet of regeneration]

   Str:       It affects your strength (+3).
   Dex:       It affects your dexterity (+2).
   Regen:     It increases your rate of health regeneration.
Scrolls
 a - 3 scrolls of noise
 m - a scroll of enchant armour {unknown}
 n - 3 scrolls of blinking
 p - 2 scrolls of enchant weapon
 r - 2 scrolls of silence
 u - 4 scrolls of fog
 w - 5 scrolls of teleportation
 y - 3 scrolls of brand weapon
Potions
 c - a potion of might
 d - a potion of degeneration {unknown}
 f - 2 potions of flight {unknown}
 h - 2 potions of attraction {unknown}
 i - 2 potions of heal wounds {unknown}
 j - a potion of brilliance {unknown}
 k - a potion of ambrosia {unknown}
 l - 3 potions of lignification {unknown}
 o - 3 potions of curing
 v - a potion of magic {unknown}
 C - a potion of haste {unknown}


   Skills:
 + Level 11.9 Fighting
 + Level 17.0 Axes
 + Level 12.6 Armour
 + Level 5.3 Dodging
 + Level 3.1 Stealth


You had 11 spell levels left.
You didn't know any spells.
Your spell library was empty.

Dungeon Overview and Level Annotations

Branches:
Dungeon (9/15)             Temple (0/1) D:4             Orc (2/2) D:9
    Elf (2/3) Orc:2
   Lair: D:8-11

Altars:
Ashenzari
Cheibriados
Elyvilon
Fedhas
Gozag
Kikubaaqudgha
Makhleb
Nemelex Xobeh
Sif Muna
Wu Jian
Xom

Shops:
Orc:2 =[*[   Elf:1 (


Innate Abilities, Weirdness & Mutations

You have a pair of horns on your head.
You reflexively headbutt those who attack you in melee.


Message History

You feel yourself speed up.
The deep elf zephyrmancer shouts!
The deep elf pyromancer shouts!
You hear a shout! x2
The +1 war axe of venom hits you!
You are poisoned.
The +1 war axe of venom hits you!
The deep elf pyromancer gestures at you while chanting.
The bolt of fire hits the +1 war axe of venom.
The +1 war axe of venom resists.
The bolt of fire hits you! You resist.
A deep elf archer comes into view.
It is wielding a +0 dagger and wearing a +2 leather armour of poison resistance.
You hear a shout!
There is an open door, spattered with blood here.
You're still recovering from your berserk rage.
You hit the +1 war axe of venom.
Your headbutt misses the +1 war axe of venom.
The +1 war axe of venom is heavily damaged.
You feel sick.
The +1 war axe of venom hits you but does no damage.
You are more poisoned.
A deep elf zephyrmancer comes into view.
It is wielding a +0 short sword.
The deep elf archer unwields a +0 dagger.
The deep elf archer wields a +0 shortbow.
The deep elf archer shoots an arrow.
The arrow hits you!!
You barely miss the +1 war axe of venom.
You headbutt the +1 war axe of venom, but do no damage.
The +1 war axe of venom is heavily damaged.
You feel very sick. The +1 war axe of venom hits you!
* * * LOW HITPOINT WARNING * * *
You slash the +1 war axe of venom!
Your headbutt misses the +1 war axe of venom.
The +1 war axe of venom is almost destroyed.
You feel sick.
The deep elf zephyrmancer points at you and mumbles some strange words.
The bolt of lightning hits the +1 war axe of venom.
The +1 war axe of venom completely resists.
The bolt of lightning hits you!!
* * * LOW HITPOINT WARNING * * *
The +1 war axe of venom hits you!
You die...

..e.... .......
....$.. .?....e
..$...< .......
...$...#######.#
..e..e(@..<....#
.e.....#########
....... .......
......# ...$.#
...$# ...#


You could see a deep elf archer (repels missiles), 2 deep elf pyromancers, 2
deep elf zephyrmancers and a +1 war axe of venom.

Vanquished Creatures
  A deep elf demonologist (Elf:1)
  2 two-headed ogres (D:9)
  8 orc high priests (Orc:2)
  A deep elf knight (Elf:1)
  2 deep elf archers (Elf:1)
  An orc knight (Orc:1)
  7 deep elf pyromancers
  2 deep elf zephyrmancers (Elf:1)
  2 kobold demonologists (D:9)
  2 trolls
  A hornet (D:9)
  Grinder (D:5)
  Sigmund (D:3)
  A wyvern (D:9)
  A wraith (D:7)
  A fire elemental (Elf:1)
  7 wargs
  Duvessa (D:4)
  2 black bears (D:6)
  An ice beast (D:8)
  13 orc warriors
  2 centaurs
  5 ogres
  3 bullfrogs
  Blork the orc (D:4)
  9 wights
  Dowan (D:4)
  5 killer bees (D:9)
  A howler monkey (D:6)
  A hound (D:6)
  A jelly (D:7)
  4 gnoll boudas
  28 orc priests
  3 iguanas
  A sleepcap (D:6)
  9 orc wizards
  26 gnolls
  4 adders
  2 white imps (D:7)
  4 ufetubi
  2 worms (D:3)
  2 dart slugs
  74 orcs
  10 ball pythons
  7 endoplasms
  8 giant cockroaches
  9 goblins
  7 hobgoblins
  2 jackals (D:2)
  3 quokkas
  7 bats
  3 frilled lizards
  12 kobolds
  3 rats
317 creatures vanquished.

Vanquished Creatures (collateral kills)
  2 orc priests (Orc:2)
  An orc (Orc:2)
3 creatures vanquished.

Grand Total: 320 creatures vanquished

Notes
Turn   | Place    | Note
-------+----------+-------------------------------------------
     0 | D:1      | laros the Minotaur Berserker began the quest for the Orb.
     0 | D:1      | Reached XP level 1. HP: 19/19 MP: 0/0
   126 | D:1      | Reached XP level 2. HP: 26/27 MP: 1/1
   213 | D:1      | Reached skill level 4 in Axes
   389 | D:1      | Reached XP level 3. HP: 33/33 MP: 2/2
   447 | D:1      | Reached ** piety under Trog
  1134 | D:2      | Reached XP level 4. HP: 41/41 MP: 3/3
  1385 | D:3      | Noticed Sigmund
  1388 | D:3      | Killed Sigmund
  1389 | D:3      | Reached skill level 5 in Axes
  1389 | D:3      | Reached XP level 5. HP: 47/47 MP: 4/4
  1776 | D:3      | Reached skill level 5 in Fighting
  1782 | D:3      | Reached skill level 6 in Axes
  1782 | D:3      | Reached XP level 6. HP: 56/56 MP: 5/5
  1860 | D:3      | Reached *** piety under Trog
  2277 | D:4      | Found a large runed translucent door.
  2277 | D:4      | Found a large runed translucent door.
  2368 | D:4      | Noticed Dowan
  2368 | D:4      | Noticed Duvessa
  2372 | D:4      | Killed Dowan
  2379 | D:4      | Killed Duvessa
  2690 | D:4      | You fall into a shaft and drop 2 floors!
  2704 | D:6      | Reached XP level 7. HP: 61/61 MP: 6/6
  2792 | D:6      | Reached skill level 7 in Axes
  2801 | D:5      | Entered Level 5 of the Dungeon
  2839 | D:5      | Reached skill level 1 in Stealth
  3268 | D:5      | Reached skill level 5 in Armour
  3869 | D:4      | Found a staircase to the Ecumenical Temple.
  4004 | D:4      | Identified the +1 ring mail "Vacycw" {Rampage +Blink Int-5}
  4327 | D:4      | Found a sparkling altar of Nemelex Xobeh.
  4453 | D:4      | Noticed Blork the orc
  4460 | D:4      | Killed Blork the orc
  4777 | D:4      | Found a white marble altar of Elyvilon.
  4780 | D:4      | Found an opulent altar of Gozag.
  4923 | D:5      | Reached skill level 8 in Axes
  5330 | D:5      | Reached XP level 8. HP: 62/70 MP: 5/7
  5384 | D:5      | Found an ornate altar of the Wu Jian Council.
  5618 | D:5      | Noticed Grinder
  5633 | D:5      | Paralysed by Grinder for 5 turns
  5640 | D:5      | Killed Grinder
  6260 | D:6      | Reached skill level 9 in Axes
  6905 | D:7      | Reached XP level 9. HP: 78/78 MP: 8/8
  7104 | D:7      | Reached **** piety under Trog
  7939 | D:8      | Reached skill level 10 in Axes
  8401 | D:8      | Found a shimmering blue altar of Sif Muna.
  8402 | D:8      | Found a shimmering altar of Xom.
  8402 | D:8      | Found a snail-covered altar of Cheibriados.
  8403 | D:8      | Found an ancient bone altar of Kikubaaqudgha.
  8423 | D:8      | Found a broken altar of Ashenzari.
  8804 | D:9      | Noticed a kobold demonologist
  8811 | D:9      | Killed a kobold demonologist
  9067 | D:9      | Identified the +2 cloak of Wu Jian's Castigation {Will+
                  | Regen+ MP+9 Slay+2}
  9163 | D:9      | Reached skill level 11 in Axes
  9307 | D:9      | Found a staircase to the Orcish Mines.
  9339 | D:9      | Noticed a kobold demonologist
  9347 | D:9      | Killed a kobold demonologist
  9348 | D:9      | Reached skill level 10 in Armour
  9597 | D:9      | Reached XP level 10. HP: 88/88 MP: 9/9
  9632 | D:9      | Found a blossoming altar of Fedhas.
  9632 | D:9      | Found a burning altar of Makhleb.
  9709 | D:9      | Noticed a two-headed ogre
  9717 | D:9      | Killed a two-headed ogre
  9718 | D:9      | Reached skill level 12 in Axes
  9975 | D:9      | Noticed a two-headed ogre
  9984 | D:9      | Killed a two-headed ogre
 10165 | Orc:1    | Entered Level 1 of the Orcish Mines
 10165 | Orc:1    | Noticed an orc knight
 10178 | Orc:1    | Reached skill level 13 in Axes
 10181 | Orc:1    | Killed an orc knight
 10390 | Orc:2    | Entered Level 2 of the Orcish Mines
 10401 | Orc:2    | Reached ***** piety under Trog
 10473 | Orc:2    | Noticed an orc high priest
 10481 | Orc:2    | Noticed an orange demon
 10481 | Orc:2    | Killed an orc high priest
 10482 | Orc:2    | Reached skill level 14 in Axes
 10482 | Orc:2    | Reached XP level 11. HP: 97/97 MP: 10/10
 10527 | Orc:2    | Noticed an orc high priest
 10537 | Orc:2    | Killed an orc high priest
 10619 | Orc:2    | Reached skill level 10 in Fighting
 10722 | Orc:2    | Noticed an orc high priest
 10734 | Orc:2    | Killed an orc high priest
 10954 | Orc:2    | Noticed an orc high priest
 10963 | Orc:2    | Killed an orc high priest
 10964 | Orc:2    | Reached skill level 15 in Axes
 10964 | Orc:2    | Found a staircase to the Elven Halls.
 11016 | Orc:2    | Noticed an orc high priest
 11023 | Orc:2    | Killed an orc high priest
 11199 | Orc:2    | Found Geopnuv's Antique Armour Boutique.
 11199 | Orc:2    | Found Ditiph's Assorted Antiques.
 11203 | Orc:2    | Bought a distressingly furry chain mail for 304 gold pieces
 11203 | Orc:2    | Identified the +1 chain mail of Vampiric Thralls {rN+ Str+3
                  | Int-5 Dex+3} (You bought it in a shop on level 2 of the
                  | Orcish Mines)
 11237 | Orc:2    | Noticed an orc high priest
 11241 | Orc:2    | Noticed an orc high priest
 11242 | Orc:2    | Noticed an orc high priest
 11244 | Orc:2    | Found Qugg's Antique Armour Boutique.
 11244 | Orc:2    | Found Vuinlad's Jewellery Shoppe.
 11251 | Orc:2    | Killed an orc high priest
 11257 | Orc:2    | Killed an orc high priest
 11259 | Orc:2    | Killed an orc high priest
 11260 | Orc:2    | Reached skill level 16 in Axes
 11260 | Orc:2    | Reached skill level 5 in Dodging
 11634 | Orc:2    | Bought the amulet "Put-Me-On" {Regen+ Str+3 Dex+2} for 522
                  | gold pieces
 12123 | Elf:1    | Entered Level 1 of the Elven Halls
 12126 | Elf:1    | Noticed a deep elf pyromancer
 12126 | Elf:1    | Noticed a deep elf pyromancer
 12127 | Elf:1    | Noticed a deep elf pyromancer
 12135 | Orc:2    | Killed a deep elf pyromancer
 12144 | Elf:1    | Killed a deep elf pyromancer
 12478 | Elf:1    | Killed a deep elf pyromancer
 12580 | Elf:1    | Noticed a deep elf demonologist
 12582 | Elf:1    | Noticed a deep elf zephyrmancer
 12583 | Elf:1    | Noticed a deep elf archer
 12584 | Elf:1    | Noticed a reaper
 12586 | Elf:1    | Noticed a Tzitzimitl
 12586 | Elf:1    | Noticed a deep elf pyromancer
 12587 | Elf:1    | Killed a deep elf demonologist
 12588 | Elf:1    | Reached XP level 12. HP: 82/110 MP: 11/11
 13297 | Elf:1    | Found Bucwy's Antique Weapon Shoppe.
 13303 | Elf:1    | Reached skill level 17 in Axes
 13335 | Elf:2    | HP: 2/112 [deep elf zephyrmancer/bolt of lightning (21)]
 13335 | Elf:2    | Mangled by a +1 war axe of venom

Illustrated notes

Levels and vault maps discovered:
D:1:      dpeg_arrival_three_bigger_balls, layout_basic
D:2:      layout_basic, hangedman_glass_teeth
D:3:      layout_loops_ring, uniq_sigmund
D:4:      nicolae_cairo_tiling_large, layout_basic, nemelex_dance_club_becter,
          jmf_multi_god_temple2, lemuel_temple_firewalk_b, uniq_duvessa,
          uniq_blork_the_orc
D:5:      layout_loops_ring, nicolae_wu_jian_immortal_techniques, uniq_grinder
D:6:      layout_cave_pods
D:7:      hellmonk_destroyed_diamonds, layout_basic, hangedman_decor_growths
D:8:      layout_loops_corners, nicolae_overflow_crystal_walls,
          chequers_temple_overflow_statue_of_worship
D:9:      layout_stronghold, gammafunk_temple_overflow_elements, david_orc_2,
          chequers_arboretum
Orc:1:    layout_caves, basic_altar
Orc:2:    st_orc_town, layout_caves
Elf:1:    eino_elf_arrival_shootout, layout_gridlike, serial_shops, shop,
          basic_altar, hangedman_elf_disciples, nicolae_elf_elemental_lessons
Elf:2:    elven_hall_of_blades_hangedman_original [nicolae_blade_little_rooms],
          layout_gridlike

Skill      XL: |  1  2  3  4  5  6  7  8  9 10 11 12 |
---------------+-------------------------------------+-----
Axes           | 4 5 6 8 9 11 14 16 17 | 17.0
Fighting       | 4 5 6 8 9 11 | 11.9
Armour         | 3 4 5 8 10 11 12 | 12.6
Dodging        | 3 4 5 |  5.3
Stealth        | 1 2 3 |  3.1

Action                     |  1- 3 |  4- 6 |  7- 9 | 10-12 || total
---------------------------+-------+-------+-------+-------++-------
  Melee: Hand axe          |    91 |    50 |   230 |       ||   371
         Headbutt          |    14 |     8 |    59 |    55 ||   136
         Punch             |     2 |       |     2 |     2 ||     6
         Broad axe         |       |       |    34 |       ||    34
         War axe           |       |       |    27 |   267 ||   294
 Invoke: Berserk           |       |     2 |     3 |     7 ||    12
         Brothers in Arms  |       |       |       |     1 ||     1
    Use: Scroll            |       |       |     9 |     4 ||    13
 Armour: Animal skin       |     2 |       |       |       ||     2
         Scale mail        |    18 |    10 |     3 |       ||    31
         Chain mail        |       |       |    83 |    65 ||   148
  Dodge: Dodged            |    86 |    28 |   233 |   135 ||   482
